 Dungeon Crawl Stone Soup version 0.21-a0-504-g2eda330 (webtiles) character file.

23 sagitran the Chiller (level 2, 0/19 HPs)
             Began as a Merfolk Ice Elementalist on Nov 25, 2017.
             Slain by Jessica
             ... wielding a +0 club
              (2 damage)
             ... on level 2 of the Dungeon.
             The game lasted 00:06:09 (896 turns).

sagitran the Chiller (Merfolk Ice Elementalist)      Turns: 896, Time: 00:06:10

Health: 0/19       AC:  3    Str:  8      XL:     2   Next: 95%
Magic:  0/5        EV: 13    Int: 18 (19) God:
Gold:   61         SH:  0    Dex: 15 (16) Spells: 2/5 levels left

rFire    . . .     SeeInvis .   (no weapon)
rCold    + . .     Gourm    .   (no shield)
rNeg     . . .     Faith    .   a - +0 robe
rPois    .         Spirit   .   (no helmet)
rElec    .         Reflect  .   (no cloak)
rCorr    .         Harm     .   d - +0 pair of gloves
MR       .....     Clarity  +   (no boots)
Stlth    ++........             (no amulet)
HPRegen  0.06/turn              (no ring)
MPRegen  0.09/turn              (no ring)

@: brilliant, slowed, very slow
A: change form in water, swift swim, stealthy swim, agile 1, clarity, cold
resistance 1, deterioration 1
a: no special abilities


You were on level 2 of the Dungeon.
You were not hungry.

You visited 1 branch of the dungeon, and saw 2 of its levels.

You collected 61 gold pieces.

Inventory:

Armour
 a - a +0 robe (worn)
 d - a +0 pair of gloves (worn)
 f - a +0 ring mail
Scrolls
 e - a scroll of identify
Books
 b - a book of Frost

   Spells                             Type                      Level
   a - Freeze                         Ice                          1
   b - Throw Frost                    Conjuration/Ice              2
   c - Ozocubu's Armour               Charms/Ice                   3
   d - Throw Icicle                   Conjuration/Ice              4
   e - Summon Ice Beast               Ice/Summoning                4
Comestibles
 c - a bread ration
 g - a chunk of flesh
 h - 8 fruits


   Skills:
 + Level 3.0 Dodging
 + Level 2.4 Stealth
 + Level 2.2 Spellcasting
 + Level 0.7 Conjurations
 + Level 4.0 Ice Magic


You had 2 spell levels left.
You knew the following spells:

 Your Spells              Type           Power        Failure   Level  Hunger
a - Freeze                Ice            ####         1%          1    #......
b - Throw Frost           Conj/Ice       ###...       1%          2    ###....


Dungeon Overview and Level Annotations

Branches:
Dungeon (2/15)

Altars:

Annotations:
D:2 Jessica


Innate Abilities, Weirdness & Mutations

You revert to your normal form in water.
You are very nimble and swift while swimming.
You are very stealthy in the water. (Stealth+)
You are agile. (Dex +2)
You possess an exceptional clarity of mind.
Your flesh is cold resistant. (rC+)
Your body sometimes deteriorates upon taking damage.


Message History

Casting: Freeze
Confirm with . or Enter, or press ? or * to list all spells.
Aiming: Freeze
Press: ? - help, Shift-Dir - straight line, f/p - Jessica
Aim: Jessica, wielding a club and wearing a robe (heavily wounded)
You freeze Jessica.
Jessica is heavily wounded.
Jessica hits you with a club.
* * * LOW HITPOINT WARNING * * *
Your body deteriorates!
You feel dopey.
You aren't carrying any potions.
Okay, then.
You barely miss Jessica.
Jessica is heavily wounded.
Jessica gestures at you while chanting.
You feel yourself slow down.
You hit Jessica.
Jessica is severely wounded.
Jessica hits you with a club.
You die...

##.###. #.# ##.#.##. #.#
#.#..... #.### ##...##.
# .....# ##.###. #.
#..#.# #.# #. #. #..#.#
####.# ## #..##..#.#
#....# #..#@@.#.# #.####
#...†#.#.# #.##.##
###....#.#.#####.#...###
+.......................
###........##.##.#...###
###..######.##.#..##
...... #.##.#.## #.###.#
#.##.#.# # #.# #.##.#.#


You could see Jessica.

Vanquished Creatures
  An adder (D:2)
  2 dart slugs (D:2)
  2 hobgoblins
  5 bats (D:1)
  2 rats
12 creatures vanquished.

Notes
Turn   | Place    | Note
-------+----------+-------------------------------------------
     0 | D:1      | sagitran the Merfolk Ice Elementalist began the quest for the Orb.
     0 | D:1      | Reached XP level 1. HP: 13/13 MP: 3/3
   710 | D:2      | Reached XP level 2. HP: 14/19 MP: 0/5
   714 | D:2      | Learned a level 2 spell: Throw Frost
   875 | D:2      | Noticed Jessica
   883 | D:2      | Gained mutation: Your body sometimes deteriorates upon taking damage. [potion of mutation]
   883 | D:2      | Gained mutation: Your flesh is cold resistant. (rC+) [potion of mutation]
   883 | D:2      | Gained mutation: You possess an exceptional clarity of mind. [potion of mutation]
   883 | D:2      | Gained mutation: You are agile. (Dex +2) [potion of mutation]
   892 | D:2      | Reached skill level 4 in Ice Magic
   896 | D:2      | Slain by Jessica

Vault maps used:
D:1:      minmay_arrival_up_and_down, serial_bayou_lagoon_a,
          hangedman_feature_mirror, grunt_decor_one_mirror, st_stairs_14,
          hangedman_decor_opposing
D:2:      uniq_jessica, uniq_natasha

Skill      XL: |  1  2 |
---------------+-------+-----
Dodging        | 3 |  3.0
Ice Magic      | 4 |  4.0
Stealth        | |  2.4
Spellcasting   | |  2.2
Conjurations   | |  0.7

Action                   || total
-------------------------++-------
Melee: Unarmed           ||    28
       Tailslap          ||     4
 Cast: Freeze            ||    17
       Throw Frost       ||     1
  Use: Scroll            ||     2
       Potion            ||     2
 Stab: Sleeping          ||     1
Armor: Robe              ||    14
Dodge: Dodged            ||    29

Table legend:
 A = Spawn XP
 B = Non-spawn XP
 C = Spawn XP percentage of total XP
 D = Spawn monster count
 E = Non-spawn monster count
 F = Spawn count percentage of total count
 G = Total turns spent on level
                    A         B        C        D         E        F      G
               +---------+---------+-------+---------+---------+-------+---------
         Total |       0 |      33 |   0.0 |       0 |      12 |   0.0 |   896
               +---------+---------+-------+---------+---------+-------+---------
           D:1 |       0 |       9 |   0.0 |       0 |       7 |   0.0 |   649
           D:2 |       0 |      24 |   0.0 |       0 |       5 |   0.0 |   247
               +---------+---------+-------+---------+---------+-------+---------
